TOP OF THE 1ST |
Hartford Yard Goats batting - Pitching for Binghamton Mets : LHP Micah Watson
|
Pitching: LHP Micah Watson
|
|
Batting: LHB Glenn Lowther
|
0-0: Ball 1-0: Foul Ball, location: 2F 1-1: Foul Ball, location: 2F 1-2: TRIPLE (Flyball, 78XD, EV 89.4 MPH)
|
Batting: LHB Bill McGregor
|
0-0: Ground out 4-3 (Groundball, 4S, EV 71.9 MPH) Glenn Lowther scores
|
Batting: RHB Chris Tatum
|
0-0: Ball 1-0: Foul Ball, location: 2F 1-1: Ball 2-1: Ball 3-1: Foul Ball, location: 2F 3-2: Base on Balls
|
Batting: RHB Tyler Stebbins
|
0-0: Ball Wild Pitch! Chris Tatum to second 1-0: Foul Ball, location: 2F 1-1: Swinging Strike 1-2: Ground out 5-3 (Groundball, 56S, EV 89.4 MPH)
|
Batting: LHB Greg Valenzuela
|
0-0: Foul Ball, location: 2F 0-1: Swinging Strike 0-2: Foul Ball, location: 2F 0-2: Ball 1-2: Ground out 5-3 (Groundball, 5, EV 88.8 MPH)
|
Top of the 1st over - 1 run, 1 hit, 0 errors, 1 left on base; Hartford 1 - Binghamton 0 |
BOTTOM OF THE 1ST |
Binghamton Mets batting - Pitching for Hartford Yard Goats : RHP Edward Cadenhead
|
Pitching: RHP Edward Cadenhead
|
|
Batting: RHB Ben Herman
|
0-0: Ground out 6-3 (Groundball, 6, EV 86.2 MPH)
|
Batting: LHB Bayesa Mundhir
|
0-0: Called Strike 0-1: Ball 1-1: Ground out 1-3 (Groundball, 15, EV 65.6 MPH)
|
Batting: RHB David Stayton
|
0-0: Foul Ball, location: 2F 0-1: Ball 1-1: Foul Ball, location: 2F 1-2: SINGLE (Line Drive, 8RS, EV 90.0 MPH)
|
Batting: SHB Julio Ramos
|
0-0: Ball 1-0: Swinging Strike 1-1: Ball 2-1: Fly out, F8 (Flyball, 8RS, EV 89.4 MPH)
|
Bottom of the 1st over - 0 runs, 1 hit, 0 errors, 1 left on base; Hartford 1 - Binghamton 0 |
TOP OF THE 2ND |
Hartford Yard Goats batting - Pitching for Binghamton Mets : LHP Micah Watson
|
Batting: LHB Jeremy Brammer
|
0-0: Ground out 3-1 (Groundball, 34S, EV 89.4 MPH)
|
Batting: LHB Zane Kelton
|
0-0: Called Strike 0-1: Ground out 6-3 (Groundball, 6, EV 84.4 MPH)
|
Batting: LHB Elijah Black
|
0-0: Ball 1-0: Ground out 4-3 (Groundball, 4, EV 95.0 MPH)
|
Top of the 2nd over - 0 runs, 0 hits, 0 errors, 0 left on base; Hartford 1 - Binghamton 0 |
BOTTOM OF THE 2ND |
Binghamton Mets batting - Pitching for Hartford Yard Goats : RHP Edward Cadenhead
|
Batting: SHB Tadaaki Kondo
|
0-0: Ground out U3 (Groundball, 34, EV 84.4 MPH)
|
Batting: LHB Javy Cavazos
|
0-0: Ball 1-0: Ball 2-0: Ground out U3 (Groundball, 34, EV 106.2 MPH)
|
Batting: RHB Gang-sheng Chew
|
0-0: Swinging Strike 0-1: Foul Ball, location: 2F 0-2: Ball 1-2: Ground out 5-3 (Groundball, 56, EV 85.6 MPH)
|
Bottom of the 2nd over - 0 runs, 0 hits, 0 errors, 0 left on base; Hartford 1 - Binghamton 0 |
TOP OF THE 3RD |
Hartford Yard Goats batting - Pitching for Binghamton Mets : LHP Micah Watson
|
Batting: RHB Guillermo Veronese
|
0-0: Ball 1-0: SINGLE (Groundball, 6D, EV 97.5 MPH)
|
Batting: LHB Glenn Lowther
|
0-0: Called Strike 0-1: Ball 1-1: Ball 2-1: Foul Ball, location: 2F 2-2: Strikes out swinging
|
Batting: LHB Bill McGregor
|
0-0: Ball 1-0: Foul Ball, location: 2F 1-1: Ball 2-1: Foul Ball, location: 2F 2-2: Fly out, F8 (Flyball, 8LM, EV 89.4 MPH)
|
Batting: RHB Chris Tatum
|
0-0: Ball 1-0: Called Strike 1-1: Ball 2-1: Foul Ball, location: 2F 2-2: Ball 3-2: Foul Ball, location: 2F 3-2: Fly out, F9 (Flyball, 9LM, EV 87.5 MPH)
|
Top of the 3rd over - 0 runs, 1 hit, 0 errors, 1 left on base; Hartford 1 - Binghamton 0 |
BOTTOM OF THE 3RD |
Binghamton Mets batting - Pitching for Hartford Yard Goats : RHP Edward Cadenhead
|
Batting: RHB Lorenzo Vasquez
|
0-0: Fly out, F8 (Flyball, 8RXD, EV 88.1 MPH)
|
Batting: SHB Jerry Burrows
|
0-0: Ball 1-0: Called Strike 1-1: DOUBLE (Line Drive, 9LS, EV 100.0 MPH)
|
Batting: RHB Ben Herman
|
0-0: Ground out 5-3 (Groundball, 5, EV 91.2 MPH)
|
Batting: LHB Bayesa Mundhir
|
0-0: Called Strike 0-1: Ground out 6-3 (Groundball, 6, EV 104.4 MPH)
|
Bottom of the 3rd over - 0 runs, 1 hit, 0 errors, 1 left on base; Hartford 1 - Binghamton 0 |
TOP OF THE 4TH |
Hartford Yard Goats batting - Pitching for Binghamton Mets : LHP Micah Watson
|
Batting: RHB Tyler Stebbins
|
0-0: Fly out, F2 (Popup, 5SF, EV 79.4 MPH)
|
Batting: LHB Greg Valenzuela
|
0-0: Called Strike 0-1: Fly out, F5 (Popup, 5F, EV 65.6 MPH)
|
Batting: LHB Jeremy Brammer
|
0-0: Ball 1-0: Called Strike 1-1: Ball 2-1: Ball 3-1: Base on Balls
|
Batting: LHB Zane Kelton
|
0-0: Ball 1-0: Called Strike 1-1: Ball 2-1: Foul Ball, location: 2F 2-2: Ground out U3 (Groundball, 3, EV 79.4 MPH)
|
Top of the 4th over - 0 runs, 0 hits, 0 errors, 1 left on base; Hartford 1 - Binghamton 0 |
BOTTOM OF THE 4TH |
Binghamton Mets batting - Pitching for Hartford Yard Goats : RHP Edward Cadenhead
|
Batting: RHB David Stayton
|
0-0: SINGLE (Groundball, 34D, EV 100.0 MPH)
|
Batting: SHB Julio Ramos
|
0-0: Ball 1-0: Swinging Strike 1-1: Ball 2-1: Swinging Strike 2-2: Strikes out swinging
|
Batting: SHB Tadaaki Kondo
|
0-0: Ball 1-0: Ball 2-0: Called Strike 2-1: SINGLE (Line Drive, 8RS, EV 103.8 MPH) David Stayton to second Runner from 2nd tries for 3rd, SAFE, throw by CF made to third
|
Batting: LHB Javy Cavazos
|
0-0: Foul Ball, location: 2F 0-1: Foul Ball, location: 2F 0-2: Fly out, F9 (Line Drive, 9, EV 99.4 MPH)
|
Batting: RHB Gang-sheng Chew
|
0-0: Swinging Strike 0-1: Swinging Strike 0-2: Ball 1-2: Ball 2-2: Strikes out swinging
|
Bottom of the 4th over - 0 runs, 2 hits, 0 errors, 2 left on base; Hartford 1 - Binghamton 0 |
TOP OF THE 5TH |
Hartford Yard Goats batting - Pitching for Binghamton Mets : LHP Micah Watson
|
Batting: LHB Elijah Black
|
0-0: Called Strike 0-1: Swinging Strike 0-2: Strikes out swinging
|
Batting: RHB Guillermo Veronese
|
0-0: Foul Ball, location: 2F 0-1: Foul Ball, location: 2F 0-2: Ball 1-2: Ball 2-2: SINGLE (Flyball, 8RS, EV 92.5 MPH)
|
Batting: LHB Glenn Lowther
|
Pickoff Throw to First - Out! 1-3 0-0: Called Strike 0-1: Foul Ball, location: 2F 0-2: Ground out 1-3 (Groundball, 15S, EV 71.9 MPH)
|
Top of the 5th over - 0 runs, 1 hit, 0 errors, 0 left on base; Hartford 1 - Binghamton 0 |
BOTTOM OF THE 5TH |
Binghamton Mets batting - Pitching for Hartford Yard Goats : RHP Edward Cadenhead
|
Batting: RHB Lorenzo Vasquez
|
0-0: Called Strike 0-1: Foul Ball, location: 2F 0-2: Ball 1-2: Strikes out swinging
|
Batting: SHB Jerry Burrows
|
0-0: Ball 1-0: Swinging Strike 1-1: Foul Ball, location: 2F 1-2: Strikes out swinging
|
Batting: RHB Ben Herman
|
0-0: Ground out U3 (Groundball, 13, EV 95.0 MPH)
|
Bottom of the 5th over - 0 runs, 0 hits, 0 errors, 0 left on base; Hartford 1 - Binghamton 0 |
TOP OF THE 6TH |
Hartford Yard Goats batting - Pitching for Binghamton Mets : LHP Micah Watson
|
Batting: LHB Bill McGregor
|
0-0: Ground out 4-3 (Groundball, 34, EV 108.8 MPH)
|
Batting: RHB Chris Tatum
|
0-0: Ball 1-0: Fly out, F8 (Flyball, 8RS, EV 88.1 MPH)
|
Batting: RHB Tyler Stebbins
|
0-0: Ball 1-0: Called Strike 1-1: Ball 2-1: Ball 3-1: Foul Ball, location: 2F 3-2: Base on Balls
|
Batting: LHB Greg Valenzuela
|
0-0: Called Strike 0-1: Ball Wild Pitch! Tyler Stebbins to second 1-1: Foul Ball, location: 2F 1-2: Foul Ball, location: 2F 1-2: Fly out, F8 (Flyball, 8LD, EV 93.1 MPH)
|
Top of the 6th over - 0 runs, 0 hits, 0 errors, 1 left on base; Hartford 1 - Binghamton 0 |
BOTTOM OF THE 6TH |
Binghamton Mets batting - Pitching for Hartford Yard Goats : RHP Edward Cadenhead
|
Batting: LHB Bayesa Mundhir
|
0-0: Swinging Strike 0-1: Fly out, F5 (Popup, 5F, EV 71.9 MPH)
|
Batting: RHB David Stayton
|
0-0: Ground out 5-3 (Groundball, 5S, EV 66.2 MPH)
|
Batting: SHB Julio Ramos
|
0-0: Ball 1-0: Ground out 2-3 (Groundball, 13S, EV 63.8 MPH)
|
Bottom of the 6th over - 0 runs, 0 hits, 0 errors, 0 left on base; Hartford 1 - Binghamton 0 |
TOP OF THE 7TH |
Hartford Yard Goats batting - Pitching for Binghamton Mets : LHP Micah Watson
|
Batting: LHB Jeremy Brammer
|
0-0: Ball 1-0: Called Strike 1-1: Ball 2-1: Called Strike 2-2: SINGLE (Line Drive, 6M, EV 104.4 MPH)
|
Batting: LHB Zane Kelton
|
0-0: Called Strike 0-1: Ball 1-1: Ball 2-1: Called Strike 2-2: Ball 3-2: Foul Ball, location: 2F 3-2: Foul Ball, location: 2F 3-2: Strikes out looking Jeremy Brammer steals 2nd base Batter strikes out.
|
Pitching: RHP Jarred Sharp
|
|
Batting: LHB Elijah Black
|
0-0: Swinging Strike 0-1: Foul Ball, location: 2F 0-2: Ground out 6-3 (Groundball, 6, EV 88.8 MPH)
|
Batting: RHB Guillermo Veronese
|
0-0: Ball 1-0: Called Strike 1-1: SINGLE (Groundball, 6, EV 101.9 MPH) Jeremy Brammer to third Runner from 3rd tries for Home, SAFE, throw by CF to home
|
Batting: LHB Glenn Lowther
|
0-0: Ball 1-0: Ball 2-0: Ball 3-0: Called Strike 3-1: Fielders Choice at 2nd, 5-4 (Groundball, 5L, EV 91.9 MPH)
|
Top of the 7th over - 1 run, 2 hits, 0 errors, 1 left on base; Hartford 2 - Binghamton 0 |
BOTTOM OF THE 7TH |
Binghamton Mets batting - Pitching for Hartford Yard Goats : RHP Edward Cadenhead
|
Batting: SHB Tadaaki Kondo
|
0-0: Ball 1-0: Swinging Strike 1-1: Called Strike 1-2: Ball 2-2: Foul Ball, location: 2F 2-2: Ball 3-2: Base on Balls
|
Batting: LHB Javy Cavazos
|
0-0: Ball 1-0: Foul Ball, location: 2F 1-1: Fly out, F2 (Popup, 5SF, EV 85.0 MPH)
|
Pinch Hitting: LHB Adam Barry
|
0-0: Fielders Choice at 2nd, 6-4 (Groundball, 6, EV 88.1 MPH)
|
Batting: RHB Lorenzo Vasquez
|
0-0: Foul Ball, location: 2F 0-1: Ball 1-1: SINGLE (Line Drive, 9S, EV 105.0 MPH) Adam Barry to second Runner from 2nd tries for 3rd, OUT! 9-5
|
Bottom of the 7th over - 0 runs, 1 hit, 0 errors, 1 left on base; Hartford 2 - Binghamton 0 |
TOP OF THE 8TH |
Hartford Yard Goats batting - Pitching for Binghamton Mets : RHP Jarred Sharp
|
Pitching: LHP Mike Capers
|
|
Now at SS: Tetsuhiro Taki
|
|
Batting: LHB Bill McGregor
|
0-0: Ball 1-0: Ball 2-0: Called Strike 2-1: Foul Ball, location: 2F 2-2: Strikes out looking
|
Batting: RHB Chris Tatum
|
0-0: Ball 1-0: Fly out, F8 (Flyball, 8LD, EV 101.2 MPH)
|
Batting: RHB Tyler Stebbins
|
0-0: Foul Ball, location: 2F 0-1: Foul Ball, location: 2F 0-2: Ball 1-2: Fly out, F8 (Line Drive, 8LD, EV 86.9 MPH)
|
Top of the 8th over - 0 runs, 0 hits, 0 errors, 0 left on base; Hartford 2 - Binghamton 0 |
BOTTOM OF THE 8TH |
Binghamton Mets batting - Pitching for Hartford Yard Goats : RHP Edward Cadenhead
|
Batting: SHB Jerry Burrows
|
0-0: Ball 1-0: Ball 2-0: Fly out, F8 (Flyball, 8LXD, EV 95.0 MPH)
|
Pinch Hitting: LHB Mike Condon
|
0-0: Ground out 4-3 (Groundball, 4, EV 108.8 MPH)
|
Batting: LHB Bayesa Mundhir
|
0-0: Ball 1-0: Ball 2-0: Called Strike 2-1: Ball 3-1: Base on Balls
|
Pitching: LHP Juan Vargas
|
|
Batting: RHB David Stayton
|
0-0: Ball 1-0: Swinging Strike 1-1: Fielders Choice at 2nd, 5-4 (Groundball, 5, EV 98.8 MPH)
|
Bottom of the 8th over - 0 runs, 0 hits, 0 errors, 1 left on base; Hartford 2 - Binghamton 0 |
TOP OF THE 9TH |
Hartford Yard Goats batting - Pitching for Binghamton Mets : LHP Mike Capers
|
Now in CF: Mike Pesek
|
|
Batting: LHB Greg Valenzuela
|
0-0: Called Strike 0-1: Foul Ball, location: 2F 0-2: Ball 1-2: Foul Ball, location: 2F 1-2: Foul Ball, location: 2F 1-2: Ball 2-2: Foul Ball, location: 2F 2-2: SOLO HOME RUN (Flyball, 9D, EV 98.8 MPH), Distance : 362 ft
|
Batting: LHB Jeremy Brammer
|
0-0: Called Strike 0-1: Foul Ball, location: 2F 0-2: Foul Ball, location: 2F 0-2: Ball 1-2: Ball 2-2: Fly out, F4 (Flyball, 4D, EV 85.0 MPH)
|
Batting: LHB Zane Kelton
|
0-0: Swinging Strike 0-1: Ball 1-1: Swinging Strike 1-2: Foul Ball, location: 2F 1-2: Ball 2-2: Ball 3-2: Ground out 6-3 (Groundball, 6, EV 106.9 MPH)
|
Batting: LHB Elijah Black
|
0-0: Reached on error, E8 (Flyball, 8LXD, EV 78.8 MPH)
|
Batting: RHB Guillermo Veronese
|
0-0: Ball 1-0: Ball 2-0: Fly out, F6 (Line Drive, 6, EV 65.0 MPH)
|
Top of the 9th over - 1 run, 1 hit, 1 error, 1 left on base; Hartford 3 - Binghamton 0 |
BOTTOM OF THE 9TH |
Binghamton Mets batting - Pitching for Hartford Yard Goats : LHP Juan Vargas
|
Pitching: RHP Tye Dickinson
|
|
Batting: SHB Julio Ramos
|
0-0: Ball 1-0: Foul Ball, location: 2F 1-1: Foul Ball, location: 2F 1-2: Strikes out swinging
|
Batting: SHB Tadaaki Kondo
|
0-0: Ball 1-0: Ground out 4-3 (Groundball, 34, EV 93.1 MPH)
|
Batting: LHB Javy Cavazos
|
0-0: Ground out 4-3 (Groundball, 4, EV 90.6 MPH)
|
Bottom of the 9th over - 0 runs, 0 hits, 0 errors, 0 left on base; Hartford 3 - Binghamton 0 |
|